 Dungeon Crawl Stone Soup version 0.31-a0-1476-g8a4046a (webtiles) character file.

Game seed: 7037315441986003680

179 Wizard1ke the Conjurer (level 5, -4/45 HPs)
             Began as an Oni Conjurer on Dec 28, 2023.
             Killed from afar by an orc wizard (10 damage)
             ... with a magic dart
             ... on level 4 of the Dungeon.
             The game lasted 00:07:03 (3609 turns).

Wizard1ke the Conjurer (Oni Conjurer)               Turns: 3609, Time: 00:07:04

Health: -4/45      AC:  3    Str: 15    XL:     5   Next: 59%
Magic:  11/12      EV:  9    Int: 24    God:
Gold:   109        SH:  0    Dex:  7    Spells: 6/13 levels left

rFire   . . .        n - +6 hand axe "Dofeom" {heavy, Fly rPois Str+4 Int+3}
rCold   . . .        (no shield)
rNeg    + . .        a - +0 robe
rPois   +            (helmet restricted)
rElec   .            (no cloak)
rCorr   .            (gloves unavailable)
SInv    .            (boots unavailable)
Will    .....        (no amulet)
Stlth   +            l - ring of positive energy
HPRegen 0.27/turn    (no ring)
MPRegen 0.13/turn

%: no passive effects
@: flying
A: large, unfitting armour, horns 1, tough skin 1, double potion healing,
drunken brawling
a: no special abilities


You were on level 4 of the Dungeon.
You visited 1 branch of the dungeon, and saw 4 of its levels.

You collected 109 gold pieces.

Inventory:

Hand Weapons
 c - a +0 dagger of holy wrath
 n - the +6 hand axe "Dofeom" (weapon) {heavy, Fly rPois Str+4 Int+3}
   (You found it on level 2 of the Dungeon)

   Str+4:     It affects your strength (+4).
   Int+3:     It affects your intelligence (+3).
   rPois:     It protects you from poison Fly: It grants you flight.
Missiles
 k - 5 boomerangs
Armour
 a - a +0 robe (worn)
Jewellery
 l - a ring of positive energy (left hand)
Scrolls
 e - 2 scrolls of noise {unknown}
 g - a scroll of torment {unknown}
 h - a scroll of poison {unknown}
 i - 2 scrolls of fog {unknown}
 j - a scroll of teleportation {unknown}
 o - 2 scrolls of amnesia {unknown}
 p - a scroll of silence {unknown}
Potions
 b - a potion of magic
 d - a potion of mutation
 f - 2 potions of brilliance
 m - a potion of lignification
 q - a potion of haste


   Skills:
 - Level 1.7 Dodging
 - Level 1.4 Stealth
 + Level 4.7 Spellcasting
 + Level 5.0 Conjurations


You had 6 spell levels left.
You knew the following spells:

 Your Spells              Type           Power      Damage    Failure   Level
a - Magic Dart            Conj           100%       1d8       1%          1
b - Searing Ray           Conj           58%        2d6       1%          2
c - Fulminant Prism       Conj/Alch      8%         3d7       32%         4

Your spell library contained the following spells:

 Spells                   Type           Power      Damage    Failure   Level
 Summon Small Mammal      Summ           20%        N/A       9%          1
 Call Canine Familiar     Summ           5%         N/A       26%         3
 Iskenderun's Mystic Bla  Conj/Tloc      17%        2d5       32%         4
 Summon Blazeheart Golem  Fire/Summ      5%         N/A       65%         4


Dungeon Overview and Level Annotations

Branches:
Dungeon (4/15)
 Temple: D:4-7

Altars:
Fedhas


Innate Abilities, Weirdness & Mutations

You are too large for most types of armour.
You have a pair of small horns on your head.
You have tough skin. (AC +1)
You gain doubled healing and magic from potions.
Whenever you drink a healing potion, you attack all around you.


Message History

You bump into the rock wall.
The orc hits you but does no damage.
You miss the orc. You hit something. Something hits you.
The orc closely misses you. Something hits you.
A kobold comes into view. It is wielding a +0 dagger.
The goblin hits you with a +0 club.
An orc comes into view. It is wielding a +0 trident.
The orc closely misses you. Something hits you.
The orc hits you with a +0 mace. Something hits you.
The goblin barely misses you.
You slash the goblin!
You kill the goblin!
You closely miss something.
You feel less confused.
You hear some strange, mumbled words.
A puff of flame appears from out of thin air!
The puff of flame hits you!
* * * LOW HITPOINT WARNING * * *
The kobold hits you with a +0 dagger.
* * * LOW HITPOINT WARNING * * *
Okay, then.
Okay, then.
You aren't carrying any items that you can evoke.
Unknown command.
Okay, then.
Okay, then.
Okay, then.
Unknown command.
Unknown command.
Okay, then.
Unknown command.
You aren't carrying any items that you can evoke.
Unknown command.
Okay, then.
The kobold attacks as it pursues you! The kobold hits you but does no damage.
There is a stone staircase leading up here.
The kobold hits you but does no damage.
You hear some strange, mumbled words.
A magic dart appears from out of thin air!
The magic dart hits you!
You die...

... ...# ..# #..
#..##o.##.
###..##.........
.........)......
.........##.....
.######†.# ...
###o)## .
#..oKS# #..{@.#
#....## #....#
#....# #.....
...... ##....##
######


You could see 2 orcs, a ball python and a kobold.

Vanquished Creatures
  A scorpion (D:4)
  A gnoll (D:1)
  4 adders
  2 worms (D:3)
  2 dart slugs (D:1)
  An orc (D:4)
  4 bats
  2 endoplasms
  2 giant cockroaches
  7 goblins
  9 hobgoblins
  7 jackals (D:1)
  A quokka (D:3)
  4 ball pythons
  8 kobolds
  5 rats
60 creatures vanquished.

Notes
Turn   | Place    | Note
-------+----------+-------------------------------------------
     0 | D:1      | Wizard1ke the Oni Conjurer began the quest for the Orb.
     0 | D:1      | Reached XP level 1. HP: 16/16 MP: 3/3
   145 | D:1      | Reached XP level 2. HP: 24/24 MP: 2/5
   148 | D:1      | Learned a level 2 spell: Searing Ray
   380 | D:1      | Reached skill level 4 in Conjurations
   721 | D:1      | Reached XP level 3. HP: 31/31 MP: 5/7
  1675 | D:2      | Reached XP level 4. HP: 39/39 MP: 3/9
  1748 | D:2      | Identified the +6 hand axe "Dofeom" {heavy, Fly rPois Str+4
                  | Int+3}
  1760 | D:2      | Found a blossoming altar of Fedhas.
  1893 | D:2      | Learned a level 4 spell: Fulminant Prism
  3463 | D:4      | Noticed a scorpion
  3473 | D:4      | Killed a scorpion
  3474 | D:4      | Reached skill level 5 in Conjurations
  3474 | D:4      | Reached XP level 5. HP: 39/45 MP: 0/12
  3609 | D:4      | Killed from afar by an orc wizard

Illustrated notes

Levels and vault maps discovered:
D:1:      amcnicky_arrival_wind_blow, layout_loops_ring, minivault_26,
          chequers_serial_rivers_room_a
D:2:      layout_basic, basic_altar
D:3:      layout_loops_corners, solitary_fountain, wad_floor_pattern_untrapped,
          minivault_25, dreamdust_mushroom_princess
D:4:      layout_gridville, guppyfry_early_lair_pool

Skill      XL: |  1  2  3  4 |
---------------+-------------+-----
Spellcasting   | 3 4 |  4.7
Conjurations   | 4 5 |  5.0
Dodging        | |  1.7
Stealth        | |  1.4

Action                     |  1- 3 |  4- 6 || total
---------------------------+-------+-------++-------
  Melee: Unarmed           |     2 |       ||     2
         Hand axe          |       |     2 ||     2
   Cast: Magic Dart        |    61 |    30 ||    91
         Searing Ray       |     7 |    11 ||    18
    Use: Scroll            |       |     4 ||     4
 Armour: Robe              |    17 |    22 ||    39
  Dodge: Dodged            |    14 |     8 ||    22

Table legend: (Time is in decaauts)
 A = Elapsed time spent in this place.
 B = Non-inter-level travel time spent in this place.
 C = Inter-level travel time spent in this place.
 D = Time resting spent in this place.
 E = Time spent auto-exploring this place.
 F = Levels seen in this place.
 G = Mean time per level.
                   A        B        C        D        E       F      G
               +--------+--------+--------+--------+--------+-----+--------+
         Total |   3609 |   3547 |     62 |    682 |   2352 |   4 |  902.2 |
       Dungeon |   3609 |   3547 |     62 |    682 |   2352 |   4 |  902.2 |
               +--------+--------+--------+--------+--------+-----+--------+

Top non-repeatable levels by time:
     D:1: 1548 daAuts
     D:3: 1138 daAuts
     D:2: 864 daAuts
     D:4: 58 daAuts
